 Dungeon Crawl Stone Soup version 0.17.1-1-g73c8601 (webtiles) character file.

52 zhaorenw the Ducker (level 3, -5/20 HPs)
             Began as a Spriggan Wanderer on Jan 5, 2016.
             Killed by nerve-wracking pain
             ... invoked by Jessica
              (12 damage)
             ... on level 3 of the Dungeon.
             The game lasted 00:04:23 (2191 turns).

zhaorenw the Ducker (Spriggan Wanderer)             Turns: 2191, Time: 00:04:23

Health: -5/20      AC:  2    Str:  9    XL:     3   Next: 60%
Magic:  4/4        EV: 23    Int: 12    God:
Gold:   95         SH:  0    Dex: 16    Spells: 0 memorised, 2 levels left

rFire  . . .     SeeInvis +     l - +0 dagger
rCold  . . .     Clarity  .     e - +0 robe
rNeg   . . .     SustAt   .     (shield restricted)
rPois  .         Gourm    .     m - +0 hat
rElec  .         Spirit   .     (no cloak)
rCorr  .         Warding  .     (gloves unavailable)
rMut   .         Stasis   .     (boots unavailable)
MR     .....                    (no amulet)
Stlth  ++++......               (no ring)
                                c - +2 ring of evasion

@: very quick, not resistant to hostile enchantments, stealthy
A: unfitting armour, see invisible, herbivore 3, speed 3, slow metabolism 2
a: no special abilities


You were on level 3 of the Dungeon.
You were not hungry.

You visited 1 branch of the dungeon, and saw 3 of its levels.

You collected 95 gold pieces.

Inventory:

Hand Weapons
 b - a +2 blowgun
 d - a +0 spear
 l - a +0 dagger (weapon)
   (You took it off a goblin on level 1 of the Dungeon)
Missiles
 a - 3 curare-tipped needles
 g - a poisoned needle
 n - 53 arrows
 p - 43 bolts
Armour
 e - a +0 robe (worn)
 m - a +0 hat (worn)
   (You found it on level 2 of the Dungeon)
Jewellery
 c - a +2 ring of evasion (left hand)
   (You found it on level 1 of the Dungeon)
Scrolls
 j - a scroll of amnesia {unknown}
 q - a scroll of remove curse {unknown}
 s - a scroll of enchant armour {unknown}
Potions
 h - 2 potions of degeneration {unknown}
 i - 2 potions of haste {unknown}
 k - a potion of lignification {unknown}
 o - a potion of beneficial mutation {unknown}
 r - a potion of agility {unknown}
Comestibles
 f - 3 bread rations {@e1}


   Skills:
 - Level 3.2 Fighting
 - Level 1.0 Throwing
 - Level 5.8 Dodging
 + Level 5.6 Stealth


You had 2 spell levels left.
You didn't know any spells.

Dungeon Overview and Level Annotations

Branches:
Dungeon (3/15)

Altars:

Annotations:
D:3 Jessica


Innate Abilities, Weirdness & Mutations

You are tiny and cannot use many weapons and most armour.
You have supernaturally acute eyesight.
You are a herbivore.
You cover ground extremely quickly.
You need consume almost no food.


Message History

You see here a kobold corpse.
There is an open door here.
A kobold comes into view. It is wielding a club.
A kobold is nearby!
A kobold is nearby!
An adder comes into view.
The kobold shouts!
The adder completely misses you. The kobold completely misses you.
You completely miss the adder. The adder barely misses you.
The kobold closely misses you.
You hit the adder. The adder misses you. The adder bites you.
You take 4 damage, and have 16/20 hp.
You closely miss the adder. The kobold completely misses you.
The adder completely misses you.
You hit the adder but do no damage. The kobold barely misses you.
The adder closely misses you.
Unknown command.
Wield which item (- for none, * to show all)? (? for menu, Esc to quit)
b - a +2 blowgun (weapon)
Aim: an adder (moderately wounded)
You shoot a poisoned needle.
The poisoned needle barely misses the adder.
Aim: an adder (moderately wounded)
You shoot a poisoned needle. The poisoned needle hits the adder!
The adder is poisoned.
Aim: an adder (heavily wounded, poisoned)
You shoot a poisoned needle. The poisoned needle hits the adder!
The adder looks even sicker.
The adder misses you.
Wield which item (- for none, * to show all)? (? for menu, Esc to quit)
l - a +0 dagger (weapon)
The adder closely misses you.
You hit the adder.
You kill the adder!
You see here a poisoned needle.
You hit the kobold but do no damage. The kobold hits you with a club.
You take 5 damage, and have 12/20 hp.
MASSIVE DAMAGE!!
You hit the kobold. The kobold completely misses you.
You barely miss the kobold. The kobold barely misses you.
You hit the kobold.
You kill the kobold!
g - a poisoned needle You see here a club.
Unknown command.
g - 2 poisoned needles (gained 1)
You see here a club.
g - 3 poisoned needles (gained 1)
You start resting.
A kobold comes into view.
You regained 5 hp, and now have 18/20 hp.
Done exploring.
Done exploring.
Done exploring.
(D) Dungeon
Where to? (Enter - D:2, ? - help)
There is a stone staircase leading down here.
You climb downwards.
There is a stone staircase leading up here.
Jessica the Apprentice Sorceress comes into view.
Health restored: 20 Jessica drinks a potion.
Jessica suddenly seems more resistant.
You closely miss Jessica. Jessica casts a spell at you.
You struggle to resist.
You hit Jessica. Jessica hits you.
You take 4 damage, and have 16/20 hp.
Unknown command.
You hit Jessica but do no damage. Jessica hits you.
You take 3 damage, and have 13/20 hp.
You hit Jessica.
Jessica gestures wildly while chanting.
Jessica seems to speed up.
Unknown command.
You hit Jessica. Jessica completely misses you.
You hit Jessica but do no damage.
Jessica casts a spell.
Jessica blinks!
Firing (i - inventory): No suitable missiles.
Aim: Jessica, wearing a robe (almost dead, fast, unusually resistant)
Okay, then.
Wield which item (- for none, * to show all)? (? for menu, Esc to quit)
b - a +2 blowgun (weapon)
Aim: Jessica, wearing a robe (almost dead, fast, unusually resistant)
You shoot a poisoned needle. The poisoned needle hits Jessica!
Jessica points at you and mumbles some strange words.
Pain shoots through your body!
You take 6 damage, and have 7/20 hp.
MASSIVE DAMAGE!!
Aim: Jessica, wearing a robe (severely wounded, fast, unusually resistant)
You shoot a poisoned needle. The poisoned needle hits Jessica.
Jessica is poisoned.
Wield which item (- for none, * to show all)? (? for menu, Esc to quit)
l - a +0 dagger (weapon)
Jessica barely misses you.
You barely miss Jessica. Jessica casts a spell at you.
Pain shoots through your body!
Ouch! That really hurt!
You die...

####.#######.
.............
####.#######.##
..<#.# ..#
.###.# #.# .#
#.# #.# .#
#.########.####
##
#.............#
###########.#@#
#.#@# #..(#
##..# #..# #..#
#..# #...


You could see Jessica.

Vanquished Creatures
  An adder (D:2)
  3 worms (D:2)
  4 giant cockroaches
  7 goblins
  5 hobgoblins
  2 kobolds (D:2)
  A quokka (D:2)
  4 bats
  2 giant newts
  A jackal (D:1)
  3 rats
33 creatures vanquished.

Notes
Turn   | Place    | Note
--------------------------------------------------------------
     0 | D:1      | zhaorenw the Spriggan Wanderer began the quest for the Orb.
     0 | D:1      | zhaorenw set off with: 3 curare-tipped needles, a +2 blowgun, a +0 mace, a +0 spear, a +0 robe, a bread ration {@e1}
     0 | D:1      | Reached XP level 1. HP: 12/12 MP: 2/2
    32 | D:1      | Reached skill level 2 in Stealth
   113 | D:1      | Reached skill level 3 in Stealth
   180 | D:1      | Reached XP level 2. HP: 16/16 MP: 3/3
   899 | D:1      | Reached skill level 4 in Stealth
  1570 | D:2      | Reached XP level 3. HP: 20/20 MP: 4/4
  1671 | D:2      | Reached skill level 5 in Stealth
  2179 | D:3      | Noticed Jessica
  2191 | D:3      | Killed from afar by Jessica

Action                   || total
-------------------------++-------
Melee: Spear             ||    75
       Dagger            ||    62
 Fire: Blowgun           ||    24
 Stab: Sleeping          ||     8

Vault maps used:
D:1:      dpeg_arrival_short_road, st_stairs_11, serial_park_tiny_pond
D:2:      first_bread, minmay_curled_crystal
D:3:      xom_teletrap_fun, uniq_sigmund, uniq_jessica

Table legend:
 A = Turns spent in this place as a percentage of turns spent in the entire game.
 B = Non-inter-level travel turns spent in this place as a percentage of non-inter-level travel turns spent in the entire game.
 C = Inter-level travel turns spent in this place as a percentage of turns spent in this place.
 D = Turns resting spent in this place as a percentage of non-inter-level travel turns spent in this place.
 E = Turns spent auto-exploring this place as a percentage of non-inter-level travel turns spent in this place.
 F = Non-inter-level travel turns spent in this place divided by the number of levels of this place that you've seen.
                   A       B       C       D       E      F
               +-------+-------+-------+-------+-------+----------------------
         Total | 100.0 | 100.0 |   0.6 |   1.6 |   6.3 | 255.0
       Dungeon | 100.0 | 100.0 |   0.6 |   1.6 |   6.3 | 255.0
               +-------+-------+-------+-------+-------+----------------------

Table legend:
 A = Kills in this place as a percentage of kills in entire the game.
 B = Kills by you in this place as a percentage of kills by you in the entire game.
 C = Kills by friends in this place as a percentage of kills by friends in the entire game.
 D = Other kills in this place as a percentage of other kills in the entire game.
 E = Experience gained in this place as a percentage of experience gained in the entire game.
 F = Experience gained in this place divided by the number of levels of this place that you have seen.
                   A       B       C       D       E      F
               +-------+-------+-------+-------+-------+----------------------
         Total | 100.0 | 100.0 |  -nan |  -nan | 100.0 |  25.0
       Dungeon | 100.0 | 100.0 |  -nan |  -nan | 100.0 |  25.0
               +-------+-------+-------+-------+-------+----------------------
